[Event "Titled Tuesday Blitz February 28 Late 2023"]
[White "Remolar Gallen, Jose"]
[Black "Carrasco Miranda, Andres"]
[WhiteFideId "2215187"]
[BlackFideId "3405990"]
[WhiteElo "2223"]
[BlackElo "2183"]
[Result "1-0"]
[Round "08"]
[TimeControl "180+2"]
[Date "2023.02.28"]
[WhiteClock "0:01:31"]
[BlackClock "0:01:26"]

1. e4 c5 2. Nf3 d6 3. d4 cxd4 4. Nxd4 Nf6 5. Nc3 a6 6. Bg5 Nbd7 7. Bc4 Qb6 8. Bb3 e6 9. O-O Be7 10. Be3 Qc7 11. Bxe6 fxe6 12. Nxe6 Qc4 13. Nxg7+ Kf7 14. Nf5 Ne5 15. Nxe7 Kxe7 16. Bg5 Be6 17. f4 Qc5+ 18. Kh1 Ng4 19. e5 Nf2+ 20. Rxf2 Qxf2 21. Bxf6+ Kf7 22. Qh5+ Kg8 23. Qg5+ 1-0


[Site "https://www.chess.com"]

[Event "Titled Tuesday Blitz February 28 Late 2023"]
[White "Ansh M Shah"]
[Black "Roberson, Peter T"]
[WhiteFideId "25033379"]
[BlackFideId "412384"]
[WhiteElo "2084"]
[BlackElo "2346"]
[Result "1/2-1/2"]
[Round "08"]
[TimeControl "180+2"]
[Date "2023.02.28"]
[WhiteClock "0:00:16"]
[BlackClock "0:01:02"]

1. d4 e6 2. c4 b6 3. g3 Bb7 4. Nf3 Bb4+ 5. Bd2 Bxf3 6. exf3 Bxd2+ 7. Qxd2 Nf6 8. Bg2 d5 9. f4 O-O 10. Nc3 Nc6 11. cxd5 Nxd5 12. Nxd5 exd5 13. O-O Ne7 14. Rac1 Rc8 15. b4 Nf5 16. Rc6 Ne7 17. Rc3 Qd6 18. a3 c5 19. dxc5 bxc5 20. bxc5 Rxc5 21. Rd1 Rfc8 22. Rxc5 Rxc5 23. Qb4 g6 24. Bf3 Qb6 25. Qxb6 axb6 26. Rb1 Ra5 27. Rxb6 Rxa3 28. Kg2 Ra2 29. Rd6 Nf5 30. Bxd5 Rxf2+ 31. Kxf2 Nxd6 32. Ke3 Kg7 33. Kd4 Kf6 34. Be4 h6 35. h3 g5 36. fxg5+ hxg5 37. h4 gxh4 38. gxh4 Nb5+ 39. Ke3 Ke5 40. Bd3 Nd4 41. h5 Ne6 42. h6 Kf6 43. Bc4 Ng5 44. Kf4 Kg6 45. Bxf7+ Nxf7 46. h7 Nh8 47. Kg4 Kf6 48. Kf3 Kf5 49. Kf2 Kf4 50. Ke2 Ke4 51. Kd2 Kd4 52. Kc2 Kc4 53. Kb2 Kb4 54. Kc2 Kc5 55. Kd2 Kd5 56. Ke3 Ke5 57. Kf3 Nf7 58. Kg4 Kf6 59. Kh5 Kg7 60. Kg4 Nh6+ 61. Kg5 Nf7+ 62. Kf5 Nh8 63. Ke6 Kg6 64. Ke7 Kg7 65. Ke8 Ng6 66. Kd7 Kf7 67. Kd6 Kf6 68. Kd7 Nf8+ 69. Ke8 Kg7 70. Ke7 Ng6+ 71. Ke8 Nh8 72. Ke7 Kg6 73. Kf8 Kxh7 1/2-1/2


[Site "https://www.chess.com"]

[Event "Titled Tuesday Blitz February 28 Late 2023"]
[White "Ferreira, Vitor Hugo Vieira"]
[Black "Van Foreest, Machteld"]
[WhiteFideId "2119765"]
[BlackFideId "1051563"]
[WhiteElo "2146"]
[BlackElo "2018"]
[Result "1-0"]
[Round "08"]
[TimeControl "180+2"]
[Date "2023.02.28"]
[WhiteClock "0:00:40"]
[BlackClock "0:00:03"]

1. Nf3 d5 2. g3 Nf6 3. Bg2 e6 4. O-O Be7 5. c4 O-O 6. cxd5 exd5 7. d3 c5 8. Nc3 Nc6 9. e4 d4 10. Ne2 Be6 11. Nf4 Qd7 12. Nxe6 fxe6 13. Bh3 Qd6 14. Ng5 Nd8 15. f4 Qc6 16. Qb3 b5 17. Nxe6 c4 18. Nxd8 Raxd8 19. Qc2 Bc5 20. Bg2 Ng4 21. e5 Qh6 22. h3 Ne3 23. Qe2 Nxf1 24. Kxf1 Qg6 25. Kf2 cxd3 26. Qe4 d2 27. Qxg6 hxg6 28. Bxd2 d3+ 29. Be3 d2 30. Bxc5 d1=Q 31. Rxd1 Rxd1 32. Bxf8 Kxf8 33. Ke3 Rg1 34. Kf2 Rb1 35. Bd5 Rxb2+ 36. Kf3 a5 37. g4 b4 38. h4 a4 39. f5 a3 40. h5 gxh5 41. g5 b3 42. f6 bxa2 43. e6 gxf6 44. gxf6 Rb6 45. Bxa2 Rb5 46. Kf4 h4 47. Kg4 Rb4+ 48. Kg5 h3 49. Kg6 Rg4+ 50. Kf5 Rd4 51. e7+ Ke8 52. Ke6 Re4+ 53. Kd6 Rd4+ 54. Ke6 Re4+ 55. Kd6 Rxe7 56. fxe7 h2 57. Bd5 a2 58. Bc6+ Kf7 59. e8=Q+ Kf6 60. Qe5+ Kg6 61. Be4+ Kh6 62. Qxh2+ 1-0


[Site "https://www.chess.com"]

[Event "Titled Tuesday Blitz February 28 Late 2023"]
[White "Eckert, Doug"]
[Black "Nilsen, Tobias Lang"]
[WhiteFideId "2001993"]
[BlackFideId "1521624"]
[WhiteElo "2202"]
[BlackElo "2195"]
[Result "0-1"]
[Round "08"]
[TimeControl "180+2"]
[Date "2023.02.28"]
[WhiteClock "0:00:21"]
[BlackClock "0:00:14"]

1. d4 d5 2. c4 e6 3. Nc3 c6 4. e3 f5 5. Nf3 Nf6 6. Bd3 Bd6 7. b3 O-O 8. O-O Ne4 9. Bb2 Nd7 10. Qc1 Qe7 11. Ne2 g5 12. a4 Rf6 13. Ba3 Rh6 14. Bxd6 Qxd6 15. g3 Ndf6 16. Ne5 Nd7 17. Qa3 Qxa3 18. Rxa3 Nxe5 19. dxe5 Nd2 20. Rd1 Nf3+ 21. Kg2 Nxe5 22. cxd5 cxd5 23. Nd4 Bd7 24. Bb5 Nc6 25. Rc1 e5 26. Bxc6 bxc6 27. Nf3 Re6 28. Nxg5 Ree8 29. Rc5 Rab8 30. Nf3 Kf7 31. Nd2 Ke6 32. Ra1 Kd6 33. Rac1 Rb7 34. Kf1 Reb8 35. Ke2 Rb6 36. f4 exf4 37. exf4 Re8+ 38. Kd3 Bc8 39. R5c2 Ba6+ 40. Kd4 c5+ 41. Kc3 d4+ 42. Kb2 Rc6 43. Nc4+ Bxc4 44. Rxc4 Kd5 45. R4c2 Re3 46. Rd2 Ke4 47. Rcd1 Rb6 48. Kc2 Rbxb3 49. Rf2 Rec3+ 50. Kd2 Rb2+ 51. Ke1 Re3+ 52. Kf1 Rxf2+ 53. Kxf2 c4 54. Kf1 c3 55. Kf2 c2 56. Rc1 d3 57. a5 Re2+ 0-1


[Site "https://www.chess.com"]

[Event "Titled Tuesday Blitz February 28 Late 2023"]
[White "Fajdetic, Hrvoje"]
[Black "Yang, Qindong"]
[WhiteFideId "14501945"]
[BlackFideId "8603758"]
[WhiteElo "2185"]
[BlackElo "2090"]
[Result "0-1"]
[Round "08"]
[TimeControl "180+2"]
[Date "2023.02.28"]
[WhiteClock "0:00:01"]
[BlackClock "0:00:34"]

1. d4 Nf6 2. Bf4 d5 3. e3 c5 4. Nc3 cxd4 5. exd4 a6 6. Bd3 Nc6 7. Nce2 Bg4 8. c3 e6 9. h3 Bh5 10. g4 Bg6 11. Nf3 Bxd3 12. Qxd3 Bd6 13. Ne5 Qc7 14. Qg3 Ne4 15. Qh2 h5 16. f3 Nf6 17. Nxc6 Bxf4 18. Qxf4 Qxf4 19. Nxf4 bxc6 20. g5 Nd7 21. g6 e5 22. gxf7+ Kxf7 23. dxe5 Nxe5 24. Kf2 g5 25. Ng2 Nd3+ 26. Ke3 Nxb2 27. h4 Nc4+ 28. Kd4 Rhg8 29. hxg5 Rxg5 30. Nf4 Rh8 31. Rab1 Rf5 32. Rb7+ Kf6 33. Nd3 Rxf3 34. Rc7 Na5 35. Nc5 Rg8 36. Rh4 Rg4+ 0-1


[Site "https://www.chess.com"]

[Event "Titled Tuesday Blitz February 28 Late 2023"]
[White "Yurovskykh, Oleksandr"]
[Black "Sreyas Payyappat"]
[WhiteFideId "14134020"]
[BlackFideId "46674969"]
[WhiteElo "2268"]
[BlackElo "2083"]
[Result "1-0"]
[Round "08"]
[TimeControl "180+2"]
[Date "2023.02.28"]
[WhiteClock "0:01:18"]
[BlackClock "0:00:31"]

1. d4 Nf6 2. Nf3 c5 3. dxc5 Nc6 4. a3 a5 5. c4 e6 6. Nc3 Bxc5 7. e3 O-O 8. Be2 b6 9. O-O Bb7 10. b3 e5 11. Bb2 d6 12. Qd2 e4 13. Nd4 Ne5 14. Nf5 Qd7 15. Ng3 Rfe8 16. Rfd1 Qe6 17. Nb5 Qd7 18. b4 axb4 19. axb4 Rxa1 20. Rxa1 Nf3+ 21. gxf3 exf3 22. Bf1 Ne4 23. Nxe4 Rxe4 24. bxc5 Qg4+ 25. Kh1 Re6 26. Qd4 Be4 27. Ra8+ 1-0


[Site "https://www.chess.com"]

[Event "Titled Tuesday Blitz February 28 Late 2023"]
[White "Nery Junior, Jose Antonio"]
[Black "Paszewski, Mateusz"]
[WhiteFideId "2104822"]
[BlackFideId "1141058"]
[WhiteElo "2197"]
[BlackElo "2223"]
[Result "1/2-1/2"]
[Round "08"]
[TimeControl "180+2"]
[Date "2023.02.28"]
[WhiteClock "0:01:49"]
[BlackClock "0:01:49"]

1. e4 c5 2. Nf3 Nf6 3. Nc3 d5 4. exd5 Nxd5 5. Ne4 e6 6. d4 cxd4 7. Nxd4 Be7 8. Bb5+ Bd7 9. Bxd7+ Qxd7 10. O-O O-O 11. Bg5 Rd8 12. Bxe7 Qxe7 13. Qf3 Nb4 14. c3 N4c6 15. Nxc6 Nxc6 16. Rad1 Qc7 17. h3 Qa5 18. Nd6 Qc7 19. Ne4 Qb6 20. Nd6 Qc7 21. Ne4 1/2-1/2


[Site "https://www.chess.com"]

[Event "Titled Tuesday Blitz February 28 Late 2023"]
[White "Martic, Ivan"]
[Black "Hajiyev, Kanan"]
[WhiteFideId "929301"]
[BlackFideId "13404148"]
[WhiteElo "2360"]
[BlackElo "2103"]
[Result "0-1"]
[Round "08"]
[TimeControl "180+2"]
[Date "2023.02.28"]
[WhiteClock "0:02:07"]
[BlackClock "0:02:05"]

1. d4 d5 2. c4 c6 3. Nc3 Nf6 4. e3 Bf5 5. cxd5 cxd5 6. Qb3 b6 7. Nf3 a6 8. Ne5 Nbd7 9. Nxd7 Qxd7 10. Qxb6 e6 11. Bd2 Bd6 12. Bxa6 O-O 13. Bb5 Qe7 14. Ba6 Rfb8 15. Qb5 Rxb5 0-1


[Site "https://www.chess.com"]

[Event "Titled Tuesday Blitz February 28 Late 2023"]
[White "Urbina Perez, Juan Antonio"]
[Black "Hoffmann, Asa"]
[WhiteFideId "2217368"]
[BlackFideId "2001470"]
[WhiteElo "2197"]
[BlackElo "2117"]
[Result "0-1"]
[Round "08"]
[TimeControl "180+2"]
[Date "2023.02.28"]
[WhiteClock "0:01:00"]
[BlackClock "0:01:31"]

1. e4 d6 2. d4 Nf6 3. f3 Nbd7 4. Be3 e5 5. Bc4 c6 6. Ne2 d5 7. exd5 cxd5 8. Bb3 Bd6 9. Nbc3 Nb6 10. Qd2 O-O 11. O-O-O Bf5 12. g4 Bg6 13. g5 exd4 14. Nxd4 Nh5 15. Nxd5 Re8 16. Nxb6 Qxb6 17. Kb1 Bb4 18. Qf2 Bc5 19. Rd2 a5 20. a4 Bxd4 21. Bxd4 Qxb3 22. Rhd1 Qxa4 23. Bc3 Rac8 24. Rd4 Qb5 25. Rd5 Qc6 26. Qd4 b5 27. f4 b4 28. Be1 Bxc2+ 0-1


[Site "https://www.chess.com"]

[Event "Titled Tuesday Blitz February 28 Late 2023"]
[White "Lawson, Eric"]
[Black "Guzman Moneo, Alberto"]
[WhiteFideId "2604116"]
[BlackFideId "2209616"]
[WhiteElo "2505"]
[BlackElo "2157"]
[Result "0-1"]
[Round "08"]
[TimeControl "180+2"]
[Date "2023.02.28"]
[WhiteClock "0:00:14"]
[BlackClock "0:00:14"]

1. e4 c5 2. Nf3 Nc6 3. d4 cxd4 4. Nxd4 g6 5. c4 Nf6 6. Nc3 d6 7. Be2 Nxd4 8. Qxd4 Bg7 9. Qd1 O-O 10. O-O a5 11. a4 Be6 12. Bd2 Rc8 13. b3 Nd7 14. Rc1 Nc5 15. Qc2 Qb6 16. Rb1 Na6 17. Nd5 Bxd5 18. exd5 Nb4 19. Qe4 Bf6 20. Be3 Qc7 21. f4 Na6 22. f5 Nc5 23. Qg4 Qd7 24. h4 Kh8 25. h5 gxf5 26. Rxf5 Rg8 27. Qf3 Rg3 28. Rxf6 Rxf3 29. Rxf3 f6 30. Bd4 Rf8 31. Rf4 Qc7 32. Bg4 Nd7 33. Be6 Ne5 34. h6 Ng6 35. Rf5 Qd8 36. Rbf1 Qe8 37. g4 Ne5 38. g5 Qh5 39. R1f2 Qg4+ 40. Kh2 Qxd4 41. gxf6 Rxf6 42. Rxf6 exf6 43. Rg2 Qf4+ 44. Kg1 Qc1+ 45. Kf2 Qd2+ 46. Kf1 Qd1+ 47. Kf2 Ng6 48. Rg3 Qd2+ 49. Kg1 Qf4 50. Kg2 Qxh6 51. Bf7 Qd2+ 52. Kg1 Qe1+ 53. Kg2 Nf4+ 54. Kf3 Ng6 55. Bxg6 hxg6 56. Rxg6 Qd1+ 57. Kf4 Qxb3 58. Kf5 Qxc4 59. Ke6 Qc5 60. Rxf6 Kg7 61. Rf7+ Kg6 62. Rxb7 Qa3 63. Rb6 Qxa4 64. Rxd6 Qe4+ 65. Kd7+ Kf7 66. Kc6 Qc4+ 67. Kd7 a4 68. Rc6 Qxd5+ 69. Kc7 Qxc6+ 70. Kxc6 a3 0-1


[Site "https://www.chess.com"]

[Event "Titled Tuesday Blitz February 28 Late 2023"]
[White "ArchibaldCerveza29"]
[Black "Bouget, Alexandre"]
[BlackFideId "681318"]
[WhiteElo "2501"]
[BlackElo "2177"]
[Result "0-1"]
[Round "08"]
[TimeControl "180+2"]
[Date "2023.02.28"]
[WhiteClock "0:00:16"]
[BlackClock "0:00:14"]

1. e4 d5 2. exd5 Qxd5 3. Nc3 Qe6+ 4. Be2 Qg6 5. Bf3 Nc6 6. Nge2 Bf5 7. d3 O-O-O 8. Ng3 Bd7 9. d4 Nf6 10. O-O h5 11. h4 Bg4 12. Be3 e5 13. d5 Kb8 14. Bg5 Be7 15. Bxf6 gxf6 16. Qe2 Nd4 17. Qd3 Bxf3 18. gxf3 Qxd3 19. cxd3 Nxf3+ 20. Kh1 Nxh4 21. f4 Rdg8 22. Nge4 f5 23. Nd2 Rg3 24. fxe5 Rhg8 25. Rf2 Bc5 26. Re2 Bg1 27. Rxg1 Rxg1+ 28. Kh2 R1g2+ 29. Kh3 Rxe2 30. Nxe2 Ng6 31. d4 Rd8 32. Nc3 Nf4+ 33. Kh4 Nxd5 34. Kxh5 Nf4+ 35. Kg5 Ne6+ 36. Kf6 Rxd4 37. Nb3 Rd7 38. Kxf5 Nd4+ 39. Nxd4 Rxd4 40. Kf6 Rf4+ 41. Ke7 Rf2 42. Ne4 Re2 43. Nf6 Rxe5+ 44. Kxf7 Re2 45. b4 Rxa2 46. Ke6 Ra6+ 47. Kd5 Rxf6 48. b5 Rd6+ 0-1


[Site "https://www.chess.com"]

[Event "Titled Tuesday Blitz February 28 Late 2023"]
[White "Kovacs, Klara"]
[Black "Balla, Tamas-Kristof"]
[WhiteFideId "733210"]
[BlackFideId "1208497"]
[WhiteElo "2179"]
[BlackElo "2334"]
[Result "1/2-1/2"]
[Round "08"]
[TimeControl "180+2"]
[Date "2023.02.28"]
[WhiteClock "0:00:02"]
[BlackClock "0:00:08"]

1. d4 d5 2. Nc3 Nf6 3. Bg5 e6 4. e4 dxe4 5. Nxe4 Be7 6. Bxf6 Bxf6 7. c3 O-O 8. Bd3 b6 9. Nf3 Bb7 10. Qe2 Nd7 11. O-O-O Qe7 12. h4 c5 13. dxc5 Nxc5 14. Nxc5 Qxc5 15. Kb1 a5 16. Ng5 Rfd8 17. Bxh7+ Kf8 18. Ne4 Bxe4+ 19. Bxe4 Rac8 20. h5 b5 21. h6 gxh6 22. Rxh6 Bg7 23. Rh5 Rxd1+ 24. Qxd1 Qb6 25. f3 b4 26. c4 b3 27. Qxb3 Qg1+ 28. Kc2 Qxg2+ 29. Kb1 Qf1+ 30. Kc2 Qe2+ 31. Kb1 Qe1+ 32. Kc2 Rd8 33. Qa3+ Kg8 34. Bh7+ Kh8 35. Bd3+ Kg8 36. Qc5 Qg3 37. Bh7+ Kh8 38. Bd3+ Kg8 39. a3 Qg2+ 40. Kb3 Qxb2+ 41. Ka4 Qd4 42. Bh7+ Kh8 43. Be4+ Kg8 44. Qxd4 Rxd4 45. Kb3 e5 46. Rh1 Rd2 47. Rc1 Bf8 48. c5 Rd8 49. c6 Rb8+ 50. Ka4 Rc8 51. Kxa5 Bxa3 52. Rc3 Bd6 53. Rc4 f6 54. Kb6 Kf7 55. Kb7 Rb8+ 56. Ka7 Ke7 57. c7 Rc8 58. Kb7 Rxc7+ 59. Rxc7+ Bxc7 60. Kxc7 Ke6 61. Kc6 f5 62. Bc2 e4 63. Bxe4 fxe4 64. fxe4 Ke5 65. Kc5 Kxe4 1/2-1/2


[Site "https://www.chess.com"]

[Event "Titled Tuesday Blitz February 28 Late 2023"]
[White "Vaglio Munoz, Jaime"]
[Black "Toncheva, Nadya"]
[WhiteFideId "6500145"]
[BlackFideId "2924056"]
[WhiteElo "2199"]
[BlackElo "2101"]
[Result "0-1"]
[Round "08"]
[TimeControl "180+2"]
[Date "2023.02.28"]
[WhiteClock "0:00:43"]
[BlackClock "0:01:29"]

1. Nf3 c5 2. b3 d6 3. Bb2 Nc6 4. g3 e5 5. Bg2 g6 6. O-O Bg7 7. c4 Nge7 8. d3 O-O 9. Nc3 f5 10. Nd5 h6 11. e3 Be6 12. Nxe7+ Qxe7 13. d4 e4 14. Ne1 cxd4 15. exd4 d5 16. a4 Rfd8 17. c5 f4 18. gxf4 Rf8 19. Nc2 Rxf4 20. Ne3 Raf8 21. b4 Qg5 22. b5 Bh3 23. bxc6 Rf3 24. Kh1 Rxe3 25. Bxh3 Rxh3 26. Rg1 Rxh2+ 27. Kxh2 Qh4+ 28. Kg2 Rxf2# 0-1


[Site "https://www.chess.com"]

[Event "Titled Tuesday Blitz February 28 Late 2023"]
[White "Bilan, Danila"]
[Black "Abdyzhaparov, Aidar"]
[WhiteFideId "24161918"]
[BlackFideId "13800361"]
[WhiteElo "2182"]
[BlackElo "2002"]
[Result "1-0"]
[Round "08"]
[TimeControl "180+2"]
[Date "2023.02.28"]
[WhiteClock "0:00:27"]
[BlackClock "0:01:09"]

1. d4 d6 2. Nf3 Nf6 3. Bg5 Nbd7 4. c3 h6 5. Bh4 g5 6. Bg3 Nh5 7. e4 Bg7 8. Nbd2 e6 9. Bc4 Qe7 10. Qe2 c6 11. Bb3 Nxg3 12. hxg3 d5 13. a4 f5 14. e5 a5 15. Bc2 b6 16. Bd3 Nb8 17. Nh2 Ba6 18. g4 f4 19. Nhf1 O-O 20. Nf3 Bxd3 21. Qxd3 c5 22. N1d2 Nc6 23. Qg6 cxd4 24. Rxh6 dxc3 25. Nxg5 Rfe8 26. Rh8+ 1-0


[Site "https://www.chess.com"]

[Event "Titled Tuesday Blitz February 28 Late 2023"]
[White "Kostiukov, Alexandr"]
[Black "Kalajzic, Ivan"]
[WhiteFideId "14108100"]
[BlackFideId "14506378"]
[WhiteElo "2202"]
[BlackElo "2203"]
[Result "0-1"]
[Round "08"]
[TimeControl "180+2"]
[Date "2023.02.28"]
[WhiteClock "0:00:17"]
[BlackClock "0:00:11"]

1. g3 Nc6 2. Bg2 e5 3. c4 Bc5 4. e3 d6 5. Nc3 Bf5 6. Nge2 Nb4 7. e4 Nd3+ 8. Kf1 Nxf2 9. Qb3 Bc8 10. Na4 Nxh1 11. Nxc5 Qf6+ 12. Bf3 dxc5 13. Kg2 Nf2 14. Kxf2 Bg4 15. Ng1 O-O-O 16. Kg2 Bxf3+ 17. Nxf3 h6 18. d3 Ne7 19. Be3 b6 20. a4 a5 21. Rd1 Nc6 22. Qb5 Rd6 23. Nh4 g6 24. Rf1 Qe6 25. Nf3 Rxd3 26. Bf2 Rhd8 27. Qa6+ Kb8 28. Qb5 Qd6 29. Re1 Kb7 30. b4 Nxb4 31. Re2 f6 32. h4 Qc6 33. Qxc6+ Kxc6 34. h5 g5 35. Nh2 Rd2 36. Rxd2 Rxd2 37. Ng4 Nd3 38. Kf3 Kd6 39. Be3 Rc2 40. Nxh6 Ne1+ 41. Kg4 Rh2 42. Nf5+ Ke6 43. h6 Ng2 44. Bg1 Rh1 45. Bf2 c6 46. Ng7+ Kf7 47. Nf5 b5 48. axb5 cxb5 49. Bxc5 bxc4 50. Nd6+ Ke6 51. Nxc4 Rxh6 52. Nxa5 Rh2 53. Nc6 Ne1 54. Nd8+ Kd7 55. Nf7 Rc2 56. Be3 Rc3 57. Bf2 Nd3 58. Nh8 Nxf2+ 59. Kf5 Rxg3 60. Kxf6 g4 61. Kxe5 Rf3 62. Ng6 g3 63. Nh4 Rf8 64. Ng2 Ng4+ 65. Kd5 Rf2 66. Nh4 g2 67. Nxg2 Rxg2 68. e5 Nxe5 69. Kxe5 Rg5+ 70. Kf4 Ra5 71. Ke4 Kd6 72. Kd4 Ra4+ 73. Kc3 Rh4 74. Kb3 Kc5 75. Kc3 Rh3+ 76. Kd2 Kd4 77. Ke2 Ra3 78. Kf2 Ke4 79. Kg2 Kf4 80. Kh2 Kg4 81. Kg2 Ra2+ 82. Kf1 Kf3 83. Ke1 Rh2 84. Kd1 Ke3 85. Kc1 Kd3 86. Kb1 Kc3 87. Kc1 Rh1# 0-1


[Site "https://www.chess.com"]

[Event "Titled Tuesday Blitz February 28 Late 2023"]
[White "Vovk, Orest"]
[Black "Gatterer, Florian"]
[WhiteFideId "14113490"]
[BlackFideId "811688"]
[WhiteElo "2215"]
[BlackElo "2221"]
[Result "1-0"]
[Round "08"]
[TimeControl "180+2"]
[Date "2023.02.28"]
[WhiteClock "0:01:41"]
[BlackClock "0:00:57"]

1. h4 d5 2. h5 h6 3. e4 dxe4 4. Nc3 Nf6 5. Qe2 c6 6. Nxe4 Nxe4 7. Qxe4 Nd7 8. Nf3 Nf6 9. Qa4 Bg4 10. Ne5 Be6 11. Bc4 Bxc4 12. Qxc4 Qd5 13. Qxd5 Nxd5 14. c3 e6 15. d4 Bd6 16. Nc4 Be7 17. Ne3 Nxe3 18. fxe3 Bg5 19. e4 Bxc1 20. Rxc1 Ke7 21. Ke2 Rad8 22. Rh3 Rd7 23. Rg3 Rg8 24. Rf1 Ke8 25. e5 Rc7 26. Rf6 gxf6 27. Rxg8+ Ke7 28. Rh8 fxe5 29. dxe5 c5 30. c4 b6 31. Rxh6 Rc8 32. g4 Rg8 33. Kf3 Kf8 34. Rh7 Ke7 35. Kf4 a6 36. g5 Ke8 37. b3 b5 38. g6 fxg6 39. h6 g5+ 40. Kg4 Rf8 41. Ra7 Rf4+ 42. Kxg5 Rf5+ 43. Kg6 Rxe5 44. h7 1-0


[Site "https://www.chess.com"]

[Event "Titled Tuesday Blitz February 28 Late 2023"]
[White "Senft, Sean"]
[Black "Womacka, Mathias"]
[WhiteFideId "2044960"]
[BlackFideId "4611390"]
[WhiteElo "1989"]
[BlackElo "2377"]
[Result "0-1"]
[Round "08"]
[TimeControl "180+2"]
[Date "2023.02.28"]
[WhiteClock "0:00:03"]
[BlackClock "0:00:27"]

1. e4 c5 2. Nc3 Nc6 3. f4 g6 4. Nf3 Bg7 5. Bc4 e6 6. d3 Nge7 7. O-O O-O 8. Kh1 d5 9. Bb3 Na5 10. Qe1 c4 11. dxc4 dxc4 12. Ba4 a6 13. Be3 b5 14. Rd1 Qc7 15. Bxb5 axb5 16. Nxb5 Qc6 17. Nd6 Nb7 18. e5 Rxa2 19. Qh4 Nf5 20. Nxf5 exf5 21. Bd4 Nc5 22. Qe7 Ne4 23. Ra1 Rxa1 24. Rxa1 Re8 25. Qb4 Be6 26. Ra7 h6 27. Qa3 Bf8 28. Qa1 Rd8 29. c3 Nc5 30. Bg1 Bd5 31. Qf1 Nd3 32. Ra2 Bxf3 33. gxf3 Rb8 34. Qe2 Bc5 35. Bxc5 Qxc5 36. Kg2 Nxf4+ 0-1


[Site "https://www.chess.com"]

[Event "Titled Tuesday Blitz February 28 Late 2023"]
[White "Yeritsyan, Hayk"]
[Black "Smith, Garrett L"]
[WhiteFideId "13307320"]
[BlackFideId "2024829"]
[WhiteElo "2463"]
[BlackElo "2300"]
[Result "0-1"]
[Round "08"]
[TimeControl "180+2"]
[Date "2023.02.28"]
[WhiteClock "0:00:01"]
[BlackClock "0:00:26"]

1. d4 Nf6 2. Nf3 g6 3. Bf4 Nh5 4. Be5 f6 5. Bg3 Nxg3 6. hxg3 c5 7. c3 Bg7 8. e3 O-O 9. dxc5 Qc7 10. b4 a5 11. Nbd2 f5 12. Rc1 Nc6 13. a3 b6 14. cxb6 Qxb6 15. Qb3+ e6 16. Be2 Bb7 17. O-O Ne7 18. Nc4 Qc7 19. Nxa5 Bd5 20. c4 Be4 21. c5 Rfb8 22. Qa2 Nd5 23. Nd2 Nxb4 24. axb4 Rxb4 25. Nxe4 fxe4 26. c6 d5 27. Qd2 Rb2 28. Rc2 Rxc2 29. Qxc2 Rxa5 30. Rb1 Ra1 31. Rxa1 Bxa1 32. Qa4 Be5 33. Bb5 Kf7 34. Qa8 Kg7 35. Qa6 h5 36. Qa4 g5 37. Qa6 h4 38. gxh4 gxh4 39. Qa4 Kf6 40. Qb3 Bd6 41. Qa4 h3 42. gxh3 Qh7 43. Qd1 Qxh3 44. Bf1 Qh2# 0-1


[Site "https://www.chess.com"]

[Event "Titled Tuesday Blitz February 28 Late 2023"]
[White "Mujumdar, Sameer"]
[Black "Clawitter, Craig"]
[WhiteFideId "2029707"]
[BlackFideId "2023105"]
[WhiteElo "2104"]
[BlackElo "2275"]
[Result "1-0"]
[Round "08"]
[TimeControl "180+2"]
[Date "2023.02.28"]
[WhiteClock "0:01:39"]
[BlackClock "0:00:49"]

1. d4 e6 2. c4 Nf6 3. Nc3 d5 4. cxd5 exd5 5. Bf4 c6 6. e3 Bd6 7. Bg3 O-O 8. Bd3 Re8 9. Qc2 Na6 10. a3 Nc7 11. Nf3 Ne6 12. O-O Bxg3 13. hxg3 g6 14. b4 a6 15. a4 Ng7 16. b5 axb5 17. axb5 Bd7 18. Ne5 Nf5 19. bxc6 bxc6 20. Rxa8 Qxa8 21. Nxd7 Nxd7 22. Bxf5 gxf5 23. Qxf5 Nb6 24. Ne2 Nc4 25. Nf4 Qc8 26. Qg5+ Kh8 27. Nh5 Rg8 28. Qf6+ 1-0


[Site "https://www.chess.com"]

[Event "Titled Tuesday Blitz February 28 Late 2023"]
[White "Chabris, Christopher"]
[Black "Papayan, Oleg"]
[WhiteFideId "2005263"]
[BlackFideId "4193911"]
[WhiteElo "2250"]
[BlackElo "2153"]
[Result "0-1"]
[Round "08"]
[TimeControl "180+2"]
[Date "2023.02.28"]
[WhiteClock "0:00:03"]
[BlackClock "0:00:17"]

1. e4 d5 2. exd5 Qxd5 3. Nc3 Qd8 4. d4 c6 5. Nf3 Bf5 6. Bc4 e6 7. O-O Nd7 8. Re1 Be7 9. Bf4 Ngf6 10. h3 O-O 11. Qe2 Nb6 12. Bb3 Nbd5 13. Bd2 Nxc3 14. bxc3 Ne4 15. Rad1 Re8 16. Rf1 Nxd2 17. Nxd2 a5 18. a4 Qc7 19. Ne4 h6 20. Bc4 Reb8 21. Bd3 b5 22. g4 Bh7 23. Rfe1 bxa4 24. c4 a3 25. Ra1 Rb2 26. c5 a2 27. Qe3 Rab8 28. Kg2 a4 29. f4 a3 30. Nc3 Qa5 31. Nxa2 Bxd3 32. Qxd3 Rxa2 33. f5 Rxa1 34. Rxa1 exf5 35. Qxf5 Qd2+ 36. Kg3 Qc3+ 0-1


[Site "https://www.chess.com"]

[Event "Titled Tuesday Blitz February 28 Late 2023"]
[White "Przybylski, Wojciech"]
[Black "Dahlgren, James Allen"]
[WhiteFideId "1117599"]
[BlackFideId "22256873"]
[WhiteElo "2222"]
[BlackElo "2202"]
[Result "1-0"]
[Round "08"]
[TimeControl "180+2"]
[Date "2023.02.28"]
[WhiteClock "0:01:33"]
[BlackClock "0:00:24"]

1. e4 e6 2. d4 c5 3. Nf3 d5 4. exd5 exd5 5. Bb5+ Bd7 6. Bxd7+ Qxd7 7. O-O Nf6 8. Re1+ Be7 9. dxc5 O-O 10. Bg5 Nc6 11. Nc3 Rad8 12. a3 h6 13. Bh4 g5 14. Bg3 Bxc5 15. Ne5 Qf5 16. Nd3 Bd4 17. Nb5 Ne4 18. Nxd4 Nxd4 19. c3 Nxg3 20. hxg3 Ne6 21. Re5 Qf6 22. Qg4 Rfe8 23. Rae1 Ng7 24. Qd4 Rxe5 25. Rxe5 Nf5 26. Re8+ Kg7 27. Qxf6+ 1-0


[Site "https://www.chess.com"]

[Event "Titled Tuesday Blitz February 28 Late 2023"]
[White "Seletsky, Grigory"]
[Black "Matsuura, Frederico"]
[WhiteFideId "14112191"]
[BlackFideId "2107848"]
[WhiteElo "2490"]
[BlackElo "2302"]
[Result "0-1"]
[Round "08"]
[TimeControl "180+2"]
[Date "2023.02.28"]
[WhiteClock "0:00:01"]
[BlackClock "0:00:03"]

1. e4 e6 2. Qe2 e5 3. Nf3 Nc6 4. c3 d5 5. d3 Nf6 6. g3 Bc5 7. Bg2 dxe4 8. dxe4 a5 9. O-O O-O 10. Rd1 Qe7 11. h3 h6 12. Nbd2 Be6 13. Nc4 Nd7 14. Ne3 Bxe3 15. Bxe3 Nb6 16. Nh4 Nc4 17. Nf5 Bxf5 18. exf5 Nxe3 19. Qxe3 Qf6 20. g4 Rad8 21. Qc5 h5 22. a3 hxg4 23. hxg4 Qg5 24. Qc4 Rd6 25. Rxd6 cxd6 26. Rd1 Rd8 27. Bd5 Rd7 28. Kg2 g6 29. fxg6 Qxg6 30. Qe4 Qg5 31. Rh1 Kf8 32. Rh5 Qg8 33. Qf5 Ke7 34. Rh7 Nd8 35. Rh6 Qg7 36. g5 Ke8 37. Rh7 Qg8 38. Kf1 Re7 39. f3 Ne6 40. Bxe6 Rxe6 41. c4 Ke7 42. Kf2 Rg6 43. Rh5 Qg7 44. b4 axb4 45. axb4 Re6 46. Qe4 Qg8 47. Qxb7+ Kf8 48. Qc8+ Kg7 49. Qxg8+ Kxg8 50. Ke3 Re8 51. Rh6 Rb8 52. b5 Rd8 53. Ke4 Kg7 54. Kd5 f5 55. Rxd6 Re8 56. Rf6 e4 57. fxe4 fxe4 58. Rf2 e3 59. Re2 Kg6 60. b6 Kxg5 61. c5 Kf4 62. c6 Rd8+ 63. Kc5 Rd1 64. b7 Rc1+ 0-1


[Site "https://www.chess.com"]

[Event "Titled Tuesday Blitz February 28 Late 2023"]
[White "Sokolin, Leonid"]
[Black "Dorato, Adriano"]
[WhiteFideId "2009161"]
[BlackFideId "2802894"]
[WhiteElo "2394"]
[BlackElo "1709"]
[Result "0-1"]
[Round "08"]
[TimeControl "180+2"]
[Date "2023.02.28"]
[WhiteClock "0:00:02"]
[BlackClock "0:00:10"]

1. e4 c5 2. Nf3 g6 3. c3 d5 4. e5 Bg7 5. d4 Nc6 6. dxc5 Nxe5 7. Nxe5 Bxe5 8. Bb5+ Kf8 9. Be3 Bg7 10. O-O Nf6 11. h3 Bd7 12. a4 a6 13. Bxd7 Qxd7 14. Nd2 h5 15. Nf3 Rc8 16. Ne5 Qc7 17. f4 e6 18. b4 Ne4 19. Bd4 Ng3 20. Re1 Nf5 21. b5 axb5 22. axb5 Bf6 23. Ra7 Kg7 24. c6 Nxd4 25. cxd4 Rb8 26. Qa4 Bxe5 27. fxe5 Qb6 28. Rc1 Rhc8 29. Rc5 bxc6 30. bxc6 Qb1+ 31. Kh2 Qf5 32. Qa3 Qf4+ 33. Qg3 Qxd4 34. Rca5 Rxc6 35. Ra4 Qc5 36. Qf4 Rc7 37. Qf6+ Kh7 0-1


[Site "https://www.chess.com"]